[Event "HTW 2010 "]
[Site "?"]
[Date "2010.01.09"]
[Round "3"]
[White "Schatz, Walter"]
[Black "Kohtz, Andreas"]
[Result "1-0"]
[WhiteElo "2232"]
[BlackElo "2001"]
[Annotator "Helmut,Dr."]
[PlyCount "99"]
[TimeControl "240+2"]

{404MB, Fritz8.ctg, TOSHIBA} 1. Nf3 Nf6 2. c4 g6 3. g3 Bg7 4. d4 O-O 5. Bg2 d6
6. Nc3 c6 7. O-O a6 8. e4 Nfd7 9. Bg5 h6 10. Be3 e5 11. Qd2 exd4 12. Bxd4 Ne5
13. b3 c5 14. Bxe5 dxe5 15. Qe3 Qa5 16. Nd5 Nc6 17. a3 Nd4 18. b4 Qd8 19. Nxd4
cxd4 20. Qd3 Be6 21. f4 f5 22. fxe5 Bxe5 23. exf5 Bxf5 24. Be4 Bxe4 25. Qxe4
Qg5 26. Rae1 Rxf1+ 27. Rxf1 Rf8 28. Rxf8+ Kxf8 29. Nb6 Bxg3 30. hxg3 Qxg3+ 31.
Kf1 d3 32. Nd7+ Kf7 33. Ne5+ Kf6 34. Nxd3 h5 35. Qd4+ Kf5 36. Qd5+ Kf6 37. Nf2
Qxa3 38. Ne4+ Ke7 39. Qxb7+ Kf8 40. Qb8+ Kf7 41. Qf4+ Ke7 42. Qf6+ Kd7 43. Nc5+
Ke8 44. Qxg6+ Kf8 45. Qf6+ Ke8 46. Qg6+ Kf8 47. Qf6+ Ke8 48. Qh8+ Ke7 49. Qg7+
Kd6 50. Qf6+ 1-0

[Event "HWT 2010"]
[Site "?"]
[Date "2010.01.09"]
[Round "3"]
[White "Zur, Jan"]
[Black "Reichenbach, Werner"]
[Result "0-1"]
[WhiteElo "1964"]
[BlackElo "2188"]
[Annotator "Helmut,Dr."]
[PlyCount "60"]
[TimeControl "240+2"]

{404MB, Fritz8.ctg, TOSHIBA} 1. e4 e6 2. d4 d5 3. Nd2 Nc6 4. Ngf3 Nf6 5. e5 Nd7
6. c3 f6 7. exf6 Qxf6 8. Be2 Bd6 9. O-O O-O 10. Qc2 h6 11. Re1 e5 12. dxe5
Ndxe5 13. h3 Bd7 14. c4 Rae8 15. cxd5 Nd4 16. Qd1 Nexf3+ 17. Nxf3 Rxe2 18. Rxe2
Nxf3+ 19. Kh1 Nh4 20. Qb3 Qg6 21. f4 Re8 22. Qc2 Qxc2 23. Rxc2 Re1+ 24. Kh2 Bf5
25. Rf2 Bc5 26. Kg3 Bxf2+ 27. Kxf2 Rd1 28. g3 Ng6 29. g4 Be4 30. f5 Ne5 0-1

[Event "HTW 2010"]
[Site "?"]
[Date "2010.01.09"]
[Round "3"]
[White "Kropman, Alexei"]
[Black "Pfeffer, Ruprecht"]
[Result "0-1"]
[WhiteElo "1949"]
[BlackElo "2172"]
[Annotator "Helmut,Dr."]
[PlyCount "56"]
[TimeControl "240+2"]

{404MB, Fritz8.ctg, TOSHIBA} 1. e4 c5 2. Nf3 e6 3. d4 cxd4 4. Nxd4 a6 5. Nc3
Qc7 6. Be3 Bb4 7. Qd2 Nf6 8. Bd3 d5 9. e5 Qxe5 10. O-O Qc7 11. Bf4 Qb6 12. a3
Bd6 13. Rfe1 Bxf4 14. Qxf4 O-O 15. Nf3 Nc6 16. b4 Ne7 17. Na4 Qc6 18. Nc5 Ng6
19. Bxg6 hxg6 20. Ne5 Qc7 21. Nxg6 Qxf4 22. Nxf4 b6 23. Nb3 Bd7 24. Nd4 Rac8
25. Rad1 Ba4 26. Rd2 Ne4 27. Rde2 Rc3 28. Re3 Rc4 0-1

[Event "HWT 2010"]
[Site "?"]
[Date "2010.01.09"]
[Round "3"]
[White "Lüders, Gerhard"]
[Black "Beran, Roilf-Dietrich"]
[Result "1-0"]
[WhiteElo "2162"]
[BlackElo "1895"]
[Annotator "Helmut,Dr."]
[PlyCount "77"]
[TimeControl "240+2"]

{404MB, Fritz8.ctg, TOSHIBA} 1. d4 c5 2. d5 e5 3. dxe6 fxe6 4.
e4 Nc6 5. Nf3 d6 6. Nc3 Be7 7. Bc4 a6 8. a4 b6 9. O-O h6 10. Bf4 Nf6 11. Qd2
Nh5 12. Be3 O-O 13. Rad1 Kh7 14. Ne1 Ne5 15. Be2 Nf6 16. h3 Qc7 17. f4 Ng6 18.
Bf3 Nh4 19. Be2 Bb7 20. g3 Ng6 21. Bf3 Rad8 22. Qg2 Ba8 23. Rf2 Nh8 24. Rfd2
Nf7 25. h4 e5 26. f5 Rh8 27. g4 Kg8 28. g5 hxg5 29. hxg5 Nh5 30. f6 Nxf6 31.
gxf6 Bxf6 32. Be2 Qc6 33. Bc4 Kf8 34. Rf2 Rh4 35. Nf3 Ke8 36. Qg6 Rh8 37. Ng5
Bxg5 38. Bxf7+ Kd7 39. Bxg5 1-0

[Event "HWT 2010"]
[Site "?"]
[Date "2010.01.09"]
[Round "3"]
[White "Hall, Oliver"]
[Black "Gebigke, Martin"]
[Result "0-1"]
[WhiteElo "1586"]
[BlackElo "2138"]
[Annotator "Helmut,Dr."]
[PlyCount "62"]
[TimeControl "240+2"]

{404MB, Fritz8.ctg, TOSHIBA} 1. e4 d6 2. d4 Nf6 3. Bd3 e5 4.
Nf3 exd4 5. Nxd4 Nc6 6. Nxc6 bxc6 7. O-O Be7 8. Nc3 O-O 9. h3 Nd7 10. Be3 Bf6
11. f4 Re8 12. Qd2 Bb7 13. Rae1 Qc8 14. e5 Bh4 15. Bf2 Bxf2+ 16. Qxf2 Nc5 17.
f5 Nxd3 18. cxd3 Rxe5 19. Rxe5 dxe5 20. f6 Qf8 21. Ne4 g6 22. Qh4 Ba6 23. Ng5
h6 24. Ne6 fxe6 25. f7+ Kh7 26. Qf6 Bxd3 27. Rf3 e4 28. Rf4 e3 29. Qxe6 e2 30.
Rf3 Rd8 31. Re3 c5 0-1

[Event "HWT 2010"]
[Site "?"]
[Date "2010.01.09"]
[Round "3"]
[White "Jahnz, Fabian"]
[Black "Greßmann, Moritz"]
[Result "1/2-1/2"]
[WhiteElo "2173"]
[BlackElo "1491"]
[Annotator "Helmut,Dr."]
[PlyCount "75"]
[TimeControl "240+2"]

{404MB, Fritz8.ctg, TOSHIBA} 1. e4 e5 2. Nf3 Nc6 3. Bc4 Nf6 4. d3 Bc5 5. c3 d6
6. O-O Bg4 7. h3 Bh5 8. Bb3 Qd7 9. Nbd2 O-O-O 10. Ba4 Rhg8 11. Nc4 g5 12. Bxc6
bxc6 13. Qa4 Bb6 14. Qa6+ Kb8 15. Be3 g4 16. Na5 Qc8 17. Nxc6+ Ka8 18. Qxc8+
Rxc8 19. hxg4 Bxg4 20. Kh1 Rg7 21. Rfe1 Bxf3 22. gxf3 Bxe3 23. fxe3 Rg3 24. Ne7
Re8 25. Nf5 Rg5 26. Rg1 Rh5+ 27. Kg2 Rg8+ 28. Kf1 Rh2 29. Rxg8+ Nxg8 30. Re1
Rxb2 31. Re2 Rb1+ 32. Kf2 Rc1 33. c4 Rd1 34. d4 exd4 35. Nxd4 Rc1 36. Rc2 Rxc2+
37. Nxc2 Kb7 38. Nb4 1/2-1/2

[Event "HWT 2010"]
[Site "?"]
[Date "2010.01.09"]
[Round "3"]
[White "Giese, Guido"]
[Black "Schlicht, Werner"]
[Result "1-0"]
[WhiteElo "1918"]
[BlackElo "1264"]
[Annotator "Helmut,Dr."]
[PlyCount "49"]
[TimeControl "240+2"]

{404MB, Fritz8.ctg, TOSHIBA} 1. Nc3 e5 2. Nf3 Nc6 3. d4 exd4
4. Nxd4 Nxd4 5. Qxd4 Nf6 6. e4 d6 7. Bg5 Be7 8. O-O-O O-O 9. f3 h6 10. Be3 Be6
11. g4 Nh7 12. Be2 Qc8 13. h4 f6 14. Nd5 Bxd5 15. Qxd5+ Kh8 16. f4 c6 17. Qb3
Re8 18. g5 fxg5 19. hxg5 Bf8 20. gxh6 Rxe4 21. hxg7+ Bxg7 22. Bd3 d5 23. Bxe4
dxe4 24. Qf7 Qg8 25. Qh5 1-0

[Event "HWT 2010"]
[Site "?"]
[Date "2010.01.09"]
[Round "3"]
[White "Dr. Welz, Peter"]
[Black "Uhle, Claus"]
[Result "1-0"]
[WhiteElo "2066"]
[BlackElo "1369"]
[Annotator "Helmut,Dr."]
[PlyCount "63"]
[TimeControl "240+2"]

{404MB, Fritz8.ctg, TOSHIBA} 1. e4 e5 2. Nf3 Nc6 3. d4 exd4 4. Nxd4 Qf6 5. Nb5
Bd6 6. N1c3 Nge7 7. Nxd6+ cxd6 8. Be3 a6 9. Qd2 h6 10. O-O-O O-O 11. Qxd6 Qxd6
12. Rxd6 Ne5 13. f4 N5c6 14. g4 b5 15. h4 Re8 16. h5 Na7 17. Bg2 Nec6 18. e5
Re6 19. Rhd1 Kf8 20. Ne4 Ke8 21. Nc5 Rxd6 22. Rxd6 Ke7 23. Bf2 Rb8 24. Bg3 b4
25. f5 Rb5 26. f6+ gxf6 27. exf6+ Ke8 28. Rd5 Bb7 29. Nxb7 Rxb7 30. g5 hxg5 31.
h6 Kf8 32. h7 1-0

[Event "HWT 2010"]
[Site "?"]
[Date "2010.01.09"]
[Round "3"]
[White "Campe, Ulrich"]
[Black "Hoppensack, Manfred"]
[Result "1-0"]
[WhiteElo "1636"]
[BlackElo "1952"]
[Annotator "Helmut,Dr."]
[PlyCount "71"]
[TimeControl "240+2"]

{404MB, Fritz8.ctg, TOSHIBA} 1. b4 e5 2. b5 a6 3. Bb2 d6 4. c4 axb5 5. cxb5 c6
6. e3 Qb6 7. Nc3 Nf6 8. Qc2 Bg4 9. h3 Bh5 10. bxc6 Nxc6 11. Be2 Bxe2 12. Ngxe2
Nb4 13. Qb1 Qa6 14. O-O Nd3 15. Nc1 Nb4 16. a3 Nc6 17. Nd3 Be7 18. Nb4 Qb6 19.
Nbd5 Qa5 20. Nxf6+ Bxf6 21. Qd3 O-O 22. Nd5 Bd8 23. Bc3 Qa6 24. Qc2 Qc4 25. Qa2
Qxa2 26. Rxa2 Ba5 27. Rb1 Bxc3 28. Nxc3 Na5 29. a4 Ra6 30. Nd5 Rb8 31. Nb6 h6
32. Rc2 Rd8 33. Rb5 Nc6 34. Rc4 f6 35. Nd5 Rd7 36. f4 1-0

[Event "HWT 2010"]
[Site "?"]
[Date "2010.01.09"]
[Round "3"]
[White "Schmidt, Tobias"]
[Black "Steffen, Rico"]
[Result "0-1"]
[WhiteElo "1554"]
[BlackElo "1948"]
[Annotator "Helmut,Dr."]
[PlyCount "58"]
[TimeControl "240+2"]

{404MB, Fritz8.ctg, TOSHIBA} 1. d4 d5 2. Nc3 Bf5 3. Nf3 Nf6 4. Bg5 Nbd7 5. e3
c6 6. Be2 h6 7. Bxf6 Nxf6 8. O-O e6 9. Ne5 Bd6 10. Bd3 Qc7 11. Bxf5 exf5 12. f4
O-O-O 13. Ne2 Rde8 14. c4 Qe7 15. cxd5 Nxd5 16. Qa4 f6 17. Nc4 Bb8 18. Rf3 b5
19. Qa6+ Qb7 20. Qxb7+ Kxb7 21. Na5+ Kb6 22. Nb3 Nxe3 23. Ng3 g6 24. a4 Nd5 25.
a5+ Kb7 26. Nc5+ Kc8 27. Rc1 Bxf4 28. Rc2 Be3+ 29. Kf1 Bxd4 0-1

[Event "HWT 2010"]
[Site "?"]
[Date "2010.01.09"]
[Round "3"]
[White "Krawatzki, Armin"]
[Black "Schäfer, Martin"]
[Result "0-1"]
[WhiteElo "1589"]
[BlackElo "1935"]
[Annotator "Helmut,Dr."]
[PlyCount "47"]
[TimeControl "240+2"]

{404MB, Fritz8.ctg, TOSHIBA} 1. Nf3 d5 2. c4 d4 3. b4 e6 4. Bb2 c5 5. d3 Nf6 6.
Nbd2 b6 7. e3 dxe3 8. fxe3 cxb4 9. Be2 Bb7 10. O-O Be7 11. Qc2 O-O 12. d4 Nbd7
13. Bd3 Rc8 14. Rae1 g6 15. e4 e5 16. d5 Re8 17. Kh1 Bf8 18. Qb1 Bg7 19. Nb3
Qe7 20. Qa1 a5 21. a4 Nh5 22. Bc1 Ba6 23. Nbd2 Nf4 24. Bb1 0-1

[Event "HWT 2010"]
[Site "?"]
[Date "2010.01.09"]
[Round "3"]
[White "Costello, Colin"]
[Black "Torzinski, Stefan"]
[Result "1-0"]
[WhiteElo "1917"]
[BlackElo "1531"]
[Annotator "Helmut,Dr."]
[PlyCount "44"]
[TimeControl "240+2"]

{404MB, Fritz8.ctg, TOSHIBA} 1. c4 e5 2. g3 Nf6 3. Bg2 c6 4.
d4 exd4 5. Qxd4 Be7 6. Nc3 d6 7. Nf3 O-O 8. O-O Nbd7 9. b3 Nc5 10. Bb2 Ne6 11.
Qd2 Nc7 12. Rad1 d5 13. Qc2 Be6 14. e4 Qc8 15. exd5 cxd5 16. Rfe1 dxc4 17. bxc4
Re8 18. Ng5 Bf5 19. Qb3 Rb8 20. Nge4 Nxe4 21. Nxe4 b6 22. Qc3 Bxe4 1-0

[Event "HWT 2010"]
[Site "?"]
[Date "2010.01.09"]
[Round "3"]
[White "Nietsch, Horst"]
[Black "Zur, Gerd"]
[Result "1-0"]
[WhiteElo "1910"]
[BlackElo "1457"]
[Annotator "Helmut,Dr."]
[PlyCount "81"]
[TimeControl "240+2"]

{404MB, Fritz8.ctg, TOSHIBA} 1. Nf3 Nf6 2. g3
d5 3. d4 Bg4 4. Bg2 Nc6 5. h3 Bf5 6. g4 Bg6 7. c3 Qd6 8. Nbd2 h5 9. g5 Ne4 10.
O-O f6 11. Nxe4 Bxe4 12. Be3 h4 13. Qd2 O-O-O 14. b4 Re8 15. a4 Bf5 16. a5 Qd7
17. b5 Nd8 18. b6 a6 19. bxc7 Nf7 20. Bf4 Bxh3 21. g6 Nd6 22. Nh2 Bxg2 23. Kxg2
Qf5 24. Kh1 Ne4 25. Qe3 e5 26. dxe5 fxe5 27. Qa7 Qxf4 28. Qb8+ Kd7 29. Qxe8+
Kxe8 30. c8=Q+ Ke7 31. Qxb7+ Ke6 32. Qc8+ Ke7 33. Rab1 Nxf2+ 34. Rxf2 Qe4+ 35.
Rf3 Qxb1+ 36. Nf1 Qxg6 37. Qc7+ Ke6 38. Qc8+ Ke7 39. Ne3 Qb1+ 40. Kh2 Qb5 41.
Nf5+ 1-0

[Event "HWT 2010"]
[Site "?"]
[Date "2010.01.09"]
[Round "3"]
[White "Küster, Manfred"]
[Black "Möller, Dirk"]
[Result "1-0"]
[WhiteElo "1884"]
[BlackElo "1392"]
[Annotator "Helmut,Dr."]
[PlyCount "73"]
[TimeControl "240+2"]

{404MB, Fritz8.ctg, TOSHIBA} 1. d4 f5 2. Bg5 h6 3. Bh4 Nf6 4. Bxf6 exf6 5. e4
fxe4 6. Qh5+ Ke7 7. Nc3 c6 8. d5 Qe8 9. Qh4 cxd5 10. Nxd5+ Kd8 11. O-O-O Qe5
12. f4 Qf5 13. g4 Qg6 14. Kb1 Nc6 15. Nh3 h5 16. Be2 d6 17. Rhg1 Qf7 18. Bc4
Be6 19. f5 Bxd5 20. Bxd5 Qe8 21. Nf4 Ne5 22. Ne6+ Kc8 23. Qe1 Qb5 24. Rg3 Nd3
25. Qc3+ Nc5 26. Bxe4 a5 27. Nxf8 Rxf8 28. gxh5 Kb8 29. Bg2 Ra6 30. Rxg7 Rb6
31. Ka1 Na4 32. Qb3 Nxb2 33. Qxb5 Rxb5 34. Rb1 Re8 35. a4 Rb4 36. Rxb2 Rxb2 37.
Kxb2 1-0

[Event "HWT 2010"]
[Site "?"]
[Date "2010.01.09"]
[Round "3"]
[White "Dr. Pöltelt, Helmut"]
[Black "Strehlow, Horst"]
[Result "0-1"]
[WhiteElo "1504"]
[BlackElo "1879"]
[Annotator "Helmut,Dr."]
[PlyCount "74"]
[TimeControl "240+2"]

{404MB, Fritz8.ctg, TOSHIBA} 1. e4 c5 2. Nf3 Nc6 3. d4 cxd4 4. Nxd4 Nf6 5. Nc3
g6 6. Be2 Bg7 7. Be3 O-O 8. O-O d5 9. Nxc6 bxc6 10. exd5 cxd5 11. Bf3 e6 12.
Qd2 Rb8 13. Rab1 Qc7 14. Rfe1 Nd7 15. Bd4 Ne5 16. Be2 Nc4 17. Bxc4 Qxc4 18.
Bxg7 Kxg7 19. b3 Qh4 20. Qe3 Rb7 21. Na4 Qf6 22. Qe5 Qxe5 23. Rxe5 Rc7 24. Rc1
Ba6 25. b4 Bc4 26. a3 Ra8 27. Nc5 a5 28. Rxe6 Rxc5 29. Rxg6+ hxg6 30. bxc5 Rc8
31. Re1 Rxc5 32. c3 Bb5 33. Rc1 d4 34. c4 Rxc4 35. Rb1 d3 36. f3 Ba4 37. Kf2 d2
0-1

[Event "HWT 2010"]
[Site "?"]
[Date "2010.01.09"]
[Round "3"]
[White "Torzinski, Nils"]
[Black "Melzer , Jürgen"]
[Result "0-1"]
[WhiteElo "1464"]
[BlackElo "1843"]
[Annotator "Helmut,Dr."]
[PlyCount "94"]
[TimeControl "240+2"]

{404MB, Fritz8.ctg, TOSHIBA} 1. e4 c5 2. Nc3 g6 3. f4 Bg7 4. Nf3 Nc6 5. Bc4 a6
6. a4 d6 7. O-O Nf6 8. d3 Bg4 9. Qe1 Bxf3 10. Rxf3 Nd4 11. Rf2 Ng4 12. Rd2 h5
13. h3 Nh6 14. Bb3 Nxb3 15. cxb3 e6 16. Rf2 Qh4 17. Rf1 Qxe1 18. Rxe1 O-O-O 19.
Rf1 f5 20. exf5 Bd4+ 21. Kh2 Nxf5 22. Bd2 d5 23. Rae1 Rd6 24. Nd1 Kd7 25. a5
Bf6 26. b4 Bh4 27. Nf2 cxb4 28. Rc1 Bg3+ 29. Kg1 Rc6 30. Nh1 b3 31. Nxg3 Nxg3
32. Rfe1 Rhc8 33. Rc3 Rxc3 34. Bxc3 Nf5 35. d4 Rc4 36. Rd1 Ne3 37. Rd3 Nc2 38.
Kf2 Ra4 39. Rg3 Nxd4 40. Rxg6 Nf5 41. Be5 h4 42. Kf3 Ra2 43. Rg5 Rxa5 44. Kg4
d4 45. Rxf5 exf5+ 46. Kxh4 Rxe5 47. fxe5 d3 0-1

[Event "HWT 2010"]
[Site "?"]
[Date "2010.01.09"]
[Round "3"]
[White "Holzmann, Arthur"]
[Black "Lang, Martin"]
[Result "0-1"]
[WhiteElo "1442"]
[BlackElo "1804"]
[Annotator "Helmut,Dr."]
[PlyCount "34"]
[TimeControl "240+2"]

{404MB, Fritz8.ctg, TOSHIBA} 1. e4 e5 2. f4
exf4 3. Nf3 d5 4. exd5 Bd6 5. Bc4 Ne7 6. O-O O-O 7. d4 Bg4 8. Nbd2 Nd7 9. Ne4
Nb6 10. Be2 Nbxd5 11. c4 Ne3 12. Bxe3 fxe3 13. c5 Bf4 14. Ne1 Bxe2 15. Qxe2 Nd5
16. Nd3 Bxh2+ 17. Kh1 Qh4 0-1

[Event "HWT 2010"]
[Site "?"]
[Date "2010.01.09"]
[Round "3"]
[White "Lenz, Tobias"]
[Black "Krawczyk, Roman"]
[Result "1-0"]
[WhiteElo "1800"]
[BlackElo "1350"]
[Annotator "Helmut,Dr."]
[PlyCount "21"]
[TimeControl "240+2"]

{404MB, Fritz8.ctg, TOSHIBA} 1. d4 d5 2. Nc3 Nf6 3. Bf4 Bf5 4. e3 Nbd7 5. Nb5
e5 6. dxe5 Ng4 7. e6 Nde5 8. exf7+ Kxf7 9. h3 Nxf2 10. Kxf2 Qf6 11. Qxd5+ 1-0

[Event "HWT 2010"]
[Site "?"]
[Date "2010.01.09"]
[Round "3"]
[White "Lange, Ronald"]
[Black "Sander , Dirk"]
[Result "0-1"]
[WhiteElo "1420"]
[BlackElo "1783"]
[Annotator "Helmut,Dr."]
[PlyCount "72"]
[TimeControl "240+2"]

{404MB, Fritz8.ctg, TOSHIBA} 1. e4 c6 2. d4 d5 3. e5 Bf5 4.
Bd3 Bxd3 5. Qxd3 e6 6. Nf3 Qa5+ 7. Bd2 Qa6 8. Qxa6 Nxa6 9. a3 c5 10. c3 Ne7 11.
O-O h5 12. Be3 Nf5 13. Nbd2 Be7 14. Bg5 Bxg5 15. Nxg5 cxd4 16. cxd4 Nxd4 17.
Ngf3 Nxf3+ 18. Nxf3 Kd7 19. Nd4 Nc7 20. Rfc1 Rac8 21. a4 a6 22. Rc2 Na8 23.
Rac1 Rxc2 24. Rxc2 Nb6 25. b3 Rc8 26. Rxc8 Nxc8 27. f4 Ne7 28. Kf2 f6 29. h3
Nc6 30. Nxc6 Kxc6 31. exf6 gxf6 32. g4 hxg4 33. h4 Kd6 34. Kg3 f5 35. Kf2 a5
36. Ke3 Ke7 0-1

[Event "HWT 2010"]
[Site "?"]
[Date "2010.01.09"]
[Round "3"]
[White "Bauerfeind, Lars"]
[Black "Gehrke, Karsten"]
[Result "1/2-1/2"]
[WhiteElo "1385"]
[BlackElo "1772"]
[Annotator "Helmut,Dr."]
[PlyCount "56"]
[TimeControl "240+2"]

{404MB, Fritz8.ctg, TOSHIBA} 1. d4 Nf6 2. c4
g6 3. Nc3 d5 4. Nf3 Bg7 5. Bg5 dxc4 6. e3 O-O 7. Bxc4 a6 8. a4 c5 9. O-O cxd4
10. Qxd4 Nc6 11. Qxd8 Rxd8 12. h3 Kf8 13. Rfd1 Bd7 14. Rd2 Be8 15. Rad1 Rxd2
16. Rxd2 Rd8 17. Rxd8 Nxd8 18. b3 Nc6 19. Nd5 Nxd5 20. Bxd5 e6 21. Be4 h6 22.
Bf4 Ke7 23. Kf1 f6 24. Nd2 f5 25. Bf3 e5 26. Bg3 e4 27. Be2 Bc3 28. Nc4 Bb4
1/2-1/2

[Event "HWT 2010"]
[Site "?"]
[Date "2010.01.09"]
[Round "3"]
[White "König, Frank"]
[Black "Burkert, Wolfgang"]
[Result "1-0"]
[WhiteElo "1767"]
[BlackElo "1315"]
[Annotator "Helmut,Dr."]
[PlyCount "51"]
[TimeControl "240+2"]

{404MB, Fritz8.ctg, TOSHIBA} 1. Nf3 d5 2. g3 Nf6 3. Bg2 Nc6 4. O-O e5 5. d4 e4
6. Ne5 Nxe5 7. dxe5 Ng4 8. c4 Nxe5 9. cxd5 f5 10. Bf4 Bd6 11. Nc3 a6 12. f3
Bc5+ 13. Kh1 exf3 14. exf3 Ng6 15. Re1+ Be7 16. d6 cxd6 17. Bxd6 O-O 18. Bxe7
Qxd1 19. Raxd1 Re8 20. Bd6 Rxe1+ 21. Rxe1 f4 22. Nd5 Bf5 23. Nxf4 Rd8 24. Nxg6
Bxg6 25. Bb4 Bf7 26. a3 1-0

[Event "HWT 2010"]
[Site "?"]
[Date "2010.01.09"]
[Round "3"]
[White "Zelanti, Markus"]
[Black "Semmler, Reinhard"]
[Result "0-1"]
[WhiteElo "1325"]
[BlackElo "1742"]
[Annotator "Helmut,Dr."]
[PlyCount "36"]
[TimeControl "240+2"]

{404MB, Fritz8.ctg, TOSHIBA} 1. b4 e5 2. Bb2
Bxb4 3. Bxe5 Nf6 4. Nf3 Nc6 5. Bb2 d5 6. e3 a6 7. Be2 Bg4 8. O-O Bd6 9. Nc3 h5
10. h3 Qd7 11. hxg4 hxg4 12. g3 gxf3 13. Bxf3 Qh3 14. Re1 Bxg3 15. fxg3 Qxg3+
16. Kf1 Rh2 17. Re2 Qxf3+ 18. Kg1 Rh1# 0-1

[Event "HWT 2010"]
[Site "?"]
[Date "2010.01.09"]
[Round "3"]
[White "Kohlmeyer, Dagobert"]
[Black "Peglow, Uwe-Karsten"]
[Result "1/2-1/2"]
[WhiteElo "1740"]
[BlackElo "1209"]
[Annotator "Helmut,Dr."]
[PlyCount "85"]
[TimeControl "240+2"]

{404MB, Fritz8.ctg, TOSHIBA} 1. e4 e5 2. Nf3 Nc6 3. Bb5 d6 4. d4 exd4 5. Nxd4
Bd7 6. Nxc6 bxc6 7. Bd3 Nf6 8. Nc3 Be7 9. O-O O-O 10. h3 Be6 11. f4 Bc8 12. Qf3
Qe8 13. Be3 Bb7 14. e5 Nd7 15. Qe4 g6 16. Rae1 d5 17. Qf3 Bc5 18. Bxc5 Nxc5 19.
f5 Nxd3 20. Qxd3 Bc8 21. f6 h6 22. Rf3 Be6 23. Ne2 Kh7 24. Ng3 Rg8 25. h4 Rb8
26. b3 Rb4 27. h5 Rg4 28. Re2 Rg5 29. Ree3 Bg4 30. Rf4 Qe6 31. hxg6+ R8xg6 32.
a4 h5 33. Kf2 Rxe5 34. Rxe5 Qxe5 35. Qe3 Qxe3+ 36. Kxe3 Kh6 37. Kd4 Kg5 38. Ke5
h4 39. Nf1 Bd1 40. Ne3 Be2 41. c3 Bd3 42. a5 Be4 43. b4 1/2-1/2

[Event "HWT 2010"]
[Site "?"]
[Date "2010.01.09"]
[Round "3"]
[White "Gebigke, Lena"]
[Black "Ziems , Michael"]
[Result "0-1"]
[WhiteElo "1329"]
[BlackElo "1736"]
[Annotator "Helmut,Dr."]
[PlyCount "68"]
[TimeControl "240+2"]

{404MB, Fritz8.ctg, TOSHIBA} 1. d4 e6 2. Nf3 d5 3. c4 Nf6 4.
g3 Be7 5. Bg2 O-O 6. O-O dxc4 7. Nc3 Nbd7 8. a4 c5 9. Ne5 cxd4 10. Qxd4 Nxe5
11. Qxe5 Bd6 12. Qd4 e5 13. Qxc4 Be6 14. Qd3 Qe7 15. Bg5 Rad8 16. Ne4 h6 17.
Bxf6 gxf6 18. Qe3 Kg7 19. Rfd1 Bb4 20. Qxa7 Bb3 21. Rdc1 f5 22. Nc5 Bxc5 23.
Rxc5 Rd2 24. Rb5 Qd6 25. Rxb7 Rd1+ 26. Rxd1 Qxd1+ 27. Bf1 Bxa4 28. Qe3 Qd5 29.
Re7 Kf6 30. Ra7 f4 31. gxf4 Rg8+ 32. Qg3 Rxg3+ 33. hxg3 Bc6 34. f3 Qd4+ 0-1

[Event "HWT 2010"]
[Site "?"]
[Date "2010.01.09"]
[Round "3"]
[White "Wierzbicki, Jirawat"]
[Black "Dr. Maetzing, Hans-Dieter"]
[Result "0-1"]
[WhiteElo "1164"]
[BlackElo "1727"]
[Annotator "Helmut,Dr."]
[PlyCount "64"]
[TimeControl "240+2"]

{404MB, Fritz8.ctg, TOSHIBA} 1. e4 e6 2. d4 d5 3. exd5 Qxd5 4. Nc3 Bb4 5. Nge2
Nc6 6. Be3 Qd8 7. Qd2 Nf6 8. O-O-O Nd5 9. g3 Nxc3 10. Nxc3 Bxc3 11. Qxc3 Qd5
12. Rg1 O-O 13. Bc4 Qh5 14. Rh1 Ne7 15. Rdg1 c6 16. g4 Qh4 17. Rg3 Nd5 18. Qd2
Nxe3 19. Qxe3 Qd8 20. h4 b5 21. Bb3 a5 22. a3 Qd6 23. h5 Rd8 24. Rd1 c5 25. c3
c4 26. Ba2 b4 27. a4 Bd7 28. Bxc4 Bxa4 29. Rh1 bxc3 30. bxc3 Qa3+ 31. Kd2 Qb2+
32. Kd3 Qc2# 0-1

[Event "HWT 2010"]
[Site "?"]
[Date "2010.01.09"]
[Round "3"]
[White "Buchallik, Jakob"]
[Black "Wendlandt, Ralph"]
[Result "0-1"]
[WhiteElo "1072"]
[BlackElo "1727"]
[Annotator "Helmut,Dr."]
[PlyCount "64"]
[TimeControl "240+2"]

{404MB, Fritz8.ctg, TOSHIBA} 1. e4 c5 2. Nf3 Nc6 3. d4 cxd4 4.
Nxd4 d6 5. Nc3 a6 6. Be3 e6 7. Be2 Nf6 8. O-O Be7 9. Qd2 O-O 10. Rad1 Qc7 11.
h3 Ne8 12. Nf3 f5 13. exf5 Rxf5 14. Nh2 Ne5 15. Ne4 Bd7 16. Ng3 Rf8 17. Rc1 Bc6
18. c3 Nf6 19. Rfe1 d5 20. Bf4 Bd6 21. Be3 Rad8 22. Red1 Ng6 23. Qe1 Nh4 24.
Bg5 Nf5 25. Nhf1 Bc5 26. Kh1 Nxg3+ 27. Nxg3 Bxf2 28. Qxf2 Ne4 29. Qe3 Qxg3 30.
h4 d4 31. cxd4 Nf2+ 32. Kg1 Qxg2# 0-1

[Event "HWT 2010"]
[Site "?"]
[Date "2010.01.09"]
[Round "3"]
[White "Dombrowski, Jan"]
[Black "Arnold, Rene´"]
[Result "0-1"]
[WhiteElo "1055"]
[BlackElo "1689"]
[Annotator "Helmut,Dr."]
[PlyCount "80"]
[TimeControl "240+2"]

{404MB, Fritz8.ctg, TOSHIBA} 1. e4 c5 2. Nf3
Nc6 3. d4 cxd4 4. Nxd4 g6 5. Nc3 Bg7 6. Be3 d6 7. Be2 Bd7 8. O-O Nf6 9. h3 O-O
10. Qd2 a6 11. f4 Qc7 12. f5 Rae8 13. Nxc6 Bxc6 14. Bd3 d5 15. exd5 Nxd5 16.
Nxd5 Bxd5 17. c3 Rd8 18. Qc1 Bxg2 19. Kxg2 Rxd3 20. Qe1 Rfd8 21. Kg1 Qe5 22.
Bd4 Qxe1 23. Rfxe1 Bxd4+ 24. cxd4 Rd7 25. fxg6 hxg6 26. Rad1 Rxh3 27. Kg2 Rh5
28. a4 e6 29. Kf3 Rh2 30. Re2 Rxe2 31. Kxe2 f5 32. Kf3 Kf7 33. Kf4 Kf6 34. b4
b5 35. a5 Rc7 36. d5 Rd7 37. Rc1 Rxd5 38. Rc6 Rd4+ 39. Ke3 Rxb4 40. Rxa6 Ra4
0-1

[Event "HWT 2010"]
[Site "?"]
[Date "2010.01.09"]
[Round "3"]
[White "Kretzschmar, Jan"]
[Black "Baumbach, Dieter"]
[Result "1-0"]
[WhiteElo "1666"]
[BlackElo "1119"]
[Annotator "Helmut,Dr."]
[PlyCount "67"]
[TimeControl "240+2"]

{404MB, Fritz8.ctg, TOSHIBA} 1. d4 d5 2. Nf3 Nc6 3. c4 Nf6 4. cxd5 Nxd5 5. e4
Nf6 6. Nc3 e6 7. a3 Be7 8. h3 O-O 9. Be3 Qe8 10. Bd3 Bd7 11. O-O h6 12. Re1 Nh7
13. d5 Nd8 14. Qc2 c6 15. e5 f5 16. d6 Bg5 17. Nd4 Bxe3 18. Rxe3 Nf7 19. Rd1
Nfg5 20. f4 Nf7 21. Bc4 b5 22. Ba2 Nd8 23. Nxf5 Qf7 24. Ne7+ Kh8 25. Ng6+ Kg8
26. Nxf8 Qxf4 27. Qxh7+ Kxf8 28. Rf3 Qxf3 29. gxf3 Nf7 30. f4 a5 31. Ne4 b4 32.
Nc5 Rd8 33. Bxe6 bxa3 34. bxa3 1-0

[Event "HWT 2010"]
[Site "?"]
[Date "2010.01.09"]
[Round "3"]
[White "Eisfeld, Daniel"]
[Black "Bandsom, Olaf"]
[Result "0-1"]
[WhiteElo "963"]
[BlackElo "1657"]
[Annotator "Helmut,Dr."]
[PlyCount "56"]
[TimeControl "240+2"]

{404MB, Fritz8.ctg, TOSHIBA} 1. e4 e5 2. Nf3 Nc6 3. Bc4 Bc5 4. d3 h6 5. Nc3 Nf6
6. Qe2 O-O 7. Nd5 d6 8. Nxf6+ Qxf6 9. Be3 Bb6 10. Bxb6 axb6 11. a3 Bg4 12.
O-O-O Nd4 13. Qe3 b5 14. Ba2 b4 15. b3 Rxa3 16. Kb2 Nxc2 17. Kxc2 Rxa2+ 18. Kc1
Rfa8 19. Rhf1 R8a6 20. h3 Be6 21. Rg1 Bxb3 22. Rd2 Ra1+ 23. Kb2 R1a2+ 24. Kc1
Rc6+ 25. Kb1 Qe6 26. Rc1 Bc2+ 27. Rcxc2 Rcxc2 28. Rxc2 Qb3+ 0-1

[Event "HWT 2010"]
[Site "?"]
[Date "2010.01.09"]
[Round "3"]
[White "Wendt, Rüdiger"]
[Black "Wolff, Joachim-Peter"]
[Result "1/2-1/2"]
[WhiteElo "1654"]
[BlackElo "1061"]
[Annotator "Helmut,Dr."]
[PlyCount "80"]
[TimeControl "240+2"]

{404MB, Fritz8.ctg, TOSHIBA} 1. d4 d5 2. Nf3 c6 3. Bf4 Bg4 4. e3 Nd7 5. Nbd2
Ngf6 6. h3 Bxf3 7. Qxf3 e6 8. a3 Be7 9. Bd3 Qb6 10. b4 a5 11. c3 axb4 12. cxb4
Bxb4 13. Qd1 Bc3 14. Ra2 Ne4 15. Bxe4 dxe4 16. Qc2 Bxd2+ 17. Qxd2 Qb1+ 18. Ke2
Qxh1 19. Qb4 Qxg2 20. Bg3 Qf3+ 21. Ke1 Ra7 22. Qd6 Ra8 23. Rb2 Qh1+ 24. Kd2 Ra7
25. Bh4 f6 26. Qxe6+ Kd8 27. Bg3 Qa1 28. Ra2 Qb1 29. Bd6 Re8 30. Qf7 b6 31. Rc2
Qf1 32. Rxc6 Qxf2+ 33. Kd1 Qf3+ 34. Kd2 Qf2+ 35. Kd1 Qf1+ 36. Kc2 Qe2+ 37. Kc1
Qxe3+ 38. Kc2 Qe2+ 39. Kc1 Qe1+ 40. Kc2 Qe2+ 1/2-1/2